 Dungeon Crawl Stone Soup version 0.30-b1-2-g02819fbbbe (webtiles) character file.

Game seed: 7404186613054765729

4446 dorian the Geomancer (level 10, -27/74 HPs)
             Began as a Formicid Earth Elementalist on May 11, 2023.
             Was a High Priest of Cheibriados.
             Annihilated by an orc warlord
             ... wielding a +9 battleaxe
              (37 damage)
             ... in a bailey.
             The game lasted 00:19:51 (7781 turns).

dorian the Geomancer (Formicid Earth Elementalist)  Turns: 7781, Time: 00:19:51

Health: -27/74     AC: 20    Str: 29    XL:     10   Next: 63%
Magic:  3/27       EV: 11    Int: 30    God:    Cheibriados [*****.]
Gold:   468        SH:  0    Dex: 26    Spells: 9/19 levels left

rFire   . . .        h - +4 sling
rCold   . . .        (no shield)
rNeg    . . .        l - +1 scale mail of Bespelled Satisfaction {MP+9 Str+3}
rPois   .            (helmet unavailable)
rElec   .            q - +0 cloak
rCorr   .            (no gloves)
SInv    +            g - +1 pair of boots
Will    +....        (no amulet)
Stlth   +            a - +4 ring of protection
HPRegen 0.32/turn    w - +4 ring of protection
MPRegen 0.20/turn

%: no passive effects
@: very slow
A: permanent stasis, dig shafts and tunnels, antennae 3, four strong arms
a: Dig, Renounce Religion, Bend Time, Temporal Distortion, Slouch, Step From
Time


You were in a bailey.
You worshipped Cheibriados.
Cheibriados was extremely pleased with you.
You visited 1 branch of the dungeon, and saw 8 of its levels.
You also visited: Bailey.

You collected 468 gold pieces.

Inventory:

Hand Weapons
 h - a +4 sling (weapon)
 p - a +2 spear of venom
Missiles
 f - 22 poisoned darts
 s - 4 throwing nets
Armour
 g - a +1 pair of boots (worn)
 l - the +1 scale mail of Bespelled Satisfaction (worn) {MP+9 Str+3}
   (You found it on level 2 of the Dungeon)

   Str:       It affects your strength (+3).
   MP:        It affects your magic capacity (+9).
 q - a +0 cloak (worn)
 B - +0 acid dragon scales
Jewellery
 a - a +4 ring of protection (left hand)
 w - a +4 ring of protection (right hand)
 A - a +6 ring of dexterity
 C - an amulet of faith
 F - the ring of Jafyugye {Fire rN+}
   (You found it in a bailey)

   [ring of fire]

   It enhances your fire magic.
   rF:        It protects you from fire.
   rC:        It makes you vulnerable to cold.
   rN:        It protects you from negative energy.
Wands
 c - a wand of flame (56)
 x - a wand of digging (1)
 y - a wand of mindburst (5)
 z - a wand of roots (8)
Scrolls
 d - a scroll of fear
 e - 2 scrolls of enchant weapon
 t - 2 scrolls of poison
 u - 2 scrolls of enchant armour
 E - a scroll of brand weapon {unknown}
 G - a scroll of acquirement
Potions
 b - 3 potions of magic
 i - a potion of ambrosia
 j - a potion of curing
 k - a potion of heal wounds
 m - 3 potions of resistance
 n - a potion of flight {unknown}
 o - 2 potions of attraction
 r - a potion of invisibility
 v - 7 potions of degeneration
 D - 2 potions of experience {unknown}


   Skills:
 + Level 5.5 Fighting
 - Level 0.9 Polearms
 - Level 2.7 Ranged Weapons
 * Level 6.8 Armour
 - Level 1.7 Dodging
 - Level 2.4 Stealth
 + Level 5.4 Spellcasting
 * Level 8.0 Transmutations
 * Level 10.3 Earth Magic


You had 9 spell levels left.
You knew the following spells:

 Your Spells              Type           Power      Damage    Failure   Level
a - Sandblast             Erth           100%       2d20      1%          1
b - Passwall              Tmut/Erth      48%        N/A       1%          2
c - Stone Arrow           Conj/Erth      78%        3d11      4%          3
d - Petrify               Tmut/Erth      58%        N/A       2%          4

Your spell library contained the following spells:

 Spells                   Type           Power      Damage    Failure   Level


Dungeon Overview and Level Annotations

Branches:
Dungeon (8/15)             Temple (0/1) D:6          Bailey (1/1)
   Lair: D:8-11

Altars:
Cheibriados
Elyvilon
Makhleb
Sif Muna
Yredelemnul
Zin

Shops:
D:5 *


Innate Abilities, Weirdness & Mutations

You cannot be hasted, slowed, berserked, paralysed or teleported.
You can dig through walls and to a lower floor.
You have a pair of large antennae on your head. (SInv)
Your four strong arms can wield two-handed weapons with a shield.


Message History

The orc warlord hits you with a +9 battleaxe!!
The orc warlord completely misses you.
You flicker for a moment.
The orc warlord closely misses you.
Casting: Petrify (dangerous; 2% risk of failure)
Confirm with . or Enter, or press ? or * to list all spells.
Aiming: Petrify (dangerous; 2% risk of failure)
Press: ? - help, Shift-Dir - straight line, f/p - orc warlord
Aim: an orc warlord, wielding a +9 battleaxe and wearing a +0 chain mail (unable to see you, chance to affect: 40%)
The orc warlord resists with some effort.
The orc warlord hits you with a +9 battleaxe!!
Casting: Petrify (dangerous; 2% risk of failure)
Confirm with . or Enter, or press ? or * to list all spells.
Aiming: Petrify (dangerous; 2% risk of failure)
Press: ? - help, Shift-Dir - straight line, f/p - orc warlord
Aim: an orc warlord, wielding a +9 battleaxe and wearing a +0 chain mail (unable to see you, chance to affect: 40%)
The orc warlord resists with some effort.
The orc warlord hits you with a +9 battleaxe!!
* * * LOW HITPOINT WARNING * * *
Casting: Petrify (dangerous; 2% risk of failure)
Confirm with . or Enter, or press ? or * to list all spells.
Aiming: Petrify (dangerous; 2% risk of failure)
Press: ? - help, Shift-Dir - straight line, f/p - orc warlord
Aim: an orc warlord, wielding a +9 battleaxe and wearing a +0 chain mail (unable to see you, chance to affect: 40%)
The orc warlord resists with some effort.
The orc warlord hits you with a +9 battleaxe.
* * * LOW HITPOINT WARNING * * *
You feel much better.
You flicker back into view.
The orc warlord hits you with a +9 battleaxe.
The orc warlord attacks as you move away!
The orc warlord hits you with a +9 battleaxe!
* * * LOW HITPOINT WARNING * * *
Casting: Petrify (dangerous; 2% risk of failure)
Confirm with . or Enter, or press ? or * to list all spells.
You don't have enough magic to cast this spell.
Unknown command.
The orc warlord hits you with a +9 battleaxe!!!
Ouch! That really hurt!
You die...

♣##.....#~~~~~~~~~#.....##♣
♣.##....#~.8...8.~#....##.♣
♣♣..###'###.......###'###..♣♣
♣...~~~)#~~.8...8.~~#.~~~...♣
♣...~~~)#~.........~#.~~~...♣
∩...~~~.#~....∩....~#.~~~...∩
♣...~~~.##.........##)~~~...♣
♣...~~~.#~..8...8..~#.~~~...♣
♣♣..###'#~....o@...~#'###..♣♣
♣.##.((#~..8...8?:~#...##.♣
♣##...)##~~#####~~##....##♣
##......####..(####......##
#.....(........)...(..)...#
#..8..8.............8..8..#
#.............(...........#
##.....(..(.....)........##
##...8...##'''##...8...##


You could see an orc warlord.

Vanquished Creatures
  Joseph (D:7)
  Maggie (D:8)
  A hornet (D:8)
  A wraith (D:7)
  Eustachio (D:5)
  A steam dragon (D:5)
  Menkaure (D:6)
  An acid dragon (D:8)
  Duvessa (D:5)
  A water moccasin (D:7)
  A black bear (D:7)
  An ice beast (D:6)
  6 orc warriors
  A sky beast (D:4)
  2 ogres
  A centaur (D:7)
  A kobold brigand (D:7)
  A bullfrog (D:7)
  2 scorpions
  Dowan (D:5)
  4 killer bees (D:8)
  A howler monkey (D:6)
  A quasit (D:8)
  4 hounds
  2 orc priests (D:7)
  A sleepcap (D:5)
  Jessica (D:2)
  3 gnoll boudas
  Ijyb (D:5)
  4 iguanas
  10 orc wizards
  21 gnolls
  7 adders
  3 shadow imps
  3 white imps
  4 ufetubi
  A worm (D:3)
  2 dart slugs
  37 orcs
  4 ball pythons
  6 endoplasms
  A giant cockroach (D:3)
  11 goblins
  10 hobgoblins
  A quokka (D:4)
  2 bats (D:1)
  4 frilled lizards
  25 kobolds
  2 rats
203 creatures vanquished.

Vanquished Creatures (others)
  A white imp (D:8)
  A demonic plant (D:8)
2 creatures vanquished.

Grand Total: 205 creatures vanquished

Notes
Turn   | Place    | Note
-------+----------+-------------------------------------------
     0 | D:1      | dorian the Formicid Earth Elementalist began the quest for
                  | the Orb.
     0 | D:1      | Reached XP level 1. HP: 13/13 MP: 3/3
    20 | D:1      | Found a faded altar of an unknown god.
    96 | D:1      | Reached skill level 4 in Earth Magic
   102 | D:1      | Reached XP level 2. HP: 10/19 MP: 3/5
   715 | D:1      | Reached XP level 3. HP: 24/24 MP: 6/6
   910 | D:2      | Identified the +1 scale mail of Bespelled Satisfaction
                  | {MP+9 Str+3}
  1108 | D:2      | Learned a level 2 spell: Passwall
  1112 | D:2      | Learned a level 3 spell: Stone Arrow
  1167 | D:2      | Noticed Jessica
  1170 | D:2      | Killed Jessica
  1171 | D:2      | Reached skill level 5 in Earth Magic
  1171 | D:2      | Reached XP level 4. HP: 31/31 MP: 7/7
  1312 | D:2      | Reached skill level 1 in Ranged Weapons
  1617 | D:3      | Reached skill level 1 in Fighting
  1634 | D:3      | Found a snail-covered altar of Cheibriados.
  1642 | D:3      | Became a worshipper of Cheibriados the Contemplative
  1654 | D:3      | Noticed a scorpion
  1663 | D:3      | Killed a scorpion
  1664 | D:3      | Reached XP level 5. HP: 32/37 MP: 8/8
  1862 | D:3      | Reached XP level 6. HP: 41/43 MP: 9/9
  2050 | D:3      | Reached * piety under Cheibriados
  2325 | D:3      | Found a basalt altar of Yredelemnul.
  2383 | D:4      | Noticed a sky beast
  2534 | D:4      | Killed a sky beast
  2535 | D:4      | Reached skill level 6 in Earth Magic
  2551 | D:4      | Reached XP level 7. HP: 50/50 MP: 11/11
  2808 | D:4      | Found a shimmering blue altar of Sif Muna.
  3107 | D:5      | Entered Level 5 of the Dungeon
  3111 | D:5      | Reached ** piety under Cheibriados
  3128 | D:5      | Found Gurghywu's Elemental Accessories.
  3193 | D:5      | Noticed a steam dragon
  3202 | D:5      | Killed a steam dragon
  3262 | D:5      | Reached skill level 7 in Earth Magic
  3288 | D:5      | Noticed Duvessa
  3289 | D:5      | Noticed Dowan
  3301 | D:5      | Killed Duvessa
  3302 | D:5      | Reached skill level 1 in Armour
  3302 | D:5      | Reached XP level 8. HP: 37/58 MP: 13/13
  3423 | D:5      | Killed Dowan
  3585 | D:5      | Noticed Ijyb
  3591 | D:5      | Killed Ijyb
  3879 | D:5      | Identified the +5 quarterstaff of Conflict {flame, rC++}
  4354 | D:5      | Noticed Eustachio
  4360 | D:5      | Killed Eustachio
  4361 | D:5      | Reached skill level 5 in Transmutations
  4495 | D:6      | Found a staircase to the Ecumenical Temple.
  4579 | D:6      | Reached skill level 8 in Earth Magic
  4579 | D:6      | Reached XP level 9. HP: 19/65 MP: 7/14
  4941 | D:6      | Noticed Menkaure
  4943 | D:6      | Killed Menkaure
  5194 | D:6      | Reached *** piety under Cheibriados
  5414 | D:6      | Learned a level 4 spell: Petrify
  6063 | D:7      | Reached **** piety under Cheibriados
  6064 | D:7      | Reached skill level 5 in Armour
  6064 | D:7      | Reached skill level 9 in Earth Magic
  6240 | D:7      | Found a glowing silver altar of Zin.
  6366 | D:7      | Reached XP level 10. HP: 60/73 MP: 17/17
  6439 | D:7      | Noticed Joseph
  6447 | D:7      | Killed Joseph
  6637 | D:7      | Reached skill level 5 in Fighting
  6637 | D:7      | Reached skill level 5 in Spellcasting
  6733 | D:7      | Found a white marble altar of Elyvilon.
  6975 | D:7      | Found a burning altar of Makhleb.
  7267 | D:8      | Reached skill level 10 in Earth Magic
  7268 | D:8      | Noticed Maggie
  7281 | D:8      | Killed Maggie
  7465 | D:8      | Found a flagged portal.
  7479 | Bailey   | Entered a bailey
  7487 | Bailey   | Noticed an orc warlord
  7545 | Bailey   | Reached ***** piety under Cheibriados
  7637 | Bailey   | Found a runed translucent gate.
  7639 | Bailey   | Found a runed translucent gate.
  7641 | Bailey   | Found a runed translucent gate.
  7770 | Bailey   | Identified the ring of Jafyugye {Fire rN+}
  7781 | Bailey   | Annihilated by an orc warlord

Illustrated notes

Levels and vault maps discovered:
D:1:      scummos_arrival_simple_crosswalls, layout_basic,
          shapermc_ecumenical_altar_starsandcircs
D:2:      layout_basic, hangedman_feature_mirror, uniq_jessica
D:3:      layout_loops_cross, mainiacjoe_overflow_alcove_2, cheibriados_altar_1
D:4:      layout_cave_pools, nicolae_sif_muna_little_library,
          kennysheep_small_spiral
D:5:      layout_basic, grunt_ministairs_13, minmay_statues_item,
          nicolae_elemental_shop, uniq_duvessa, uniq_ijyb, uniq_eustachio
D:6:      layout_basic, minmay_temple_entry_from_below_a, uniq_menkaure
D:7:      layout_loops_corners, bloody_makhleb, mainiacjoe_overflow_paths,
          elyvilon_altar_5, uniq_joseph
D:8:      layout_rooms, nicolae_overflow_hidden_temple, serial_demonic,
          serial_demonic_c, serial_demonic_b, serial_demonic_d,
          serial_demonic_c, enter_bailey_7, hellmonk_bongcloud_opening,
          reono_crystal_passage, uniq_maurice, uniq_maggie
Bailey:   bailey_axe_bossmonster_kennysheep, bailey

Skill      XL: |  1  2  3  4  5  6  7  8  9 10 |
---------------+-------------------------------+-----
Earth Magic    | 4 5 6 7 8 9 10 | 10.3
Ranged Weapons | 2 |  2.7
Fighting       | 1 2 3 4 5 |  5.5
Transmutations | 2 4 5 6 8 |  8.0
Spellcasting   | 3 4 5 |  5.4
Armour         | 1 3 5 6 |  6.8
Polearms       | |  0.9
Dodging        | |  1.7
Stealth        | |  2.4

Action                     |  1- 3 |  4- 6 |  7- 9 | 10-12 || total
---------------------------+-------+-------+-------+-------++-------
  Melee: Spear             |    37 |       |       |       ||    37
   Fire: Sling             |    24 |   134 |   226 |    78 ||   462
   Cast: Sandblast         |     1 |     9 |    99 |    35 ||   144
         Stone Arrow       |       |       |    13 |    17 ||    30
         Petrify           |       |       |     2 |     7 ||     9
Ability: Dig               |       |       |     2 |     1 ||     3
  Evoke: Wand              |       |       |       |     3 ||     3
    Use: Scroll            |       |     8 |     3 |     3 ||    14
         Potion            |       |       |     1 |     3 ||     4
   Stab: Sleeping          |     1 |       |       |       ||     1
 Armour: Robe              |    15 |       |       |       ||    15
         Scale mail        |       |    60 |    85 |    40 ||   185
  Dodge: Dodged            |    18 |    62 |   122 |    58 ||   260
